 Dungeon Crawl Stone Soup version 0.29.1-15-g9cfb28693d (webtiles) character file.

Game seed: 17525609938497048525

112 kingofthe the Firebug (level 4, -1/24 HPs)
             Began as a Deep Elf Fire Elementalist on Mar 5, 2023.
             Killed by nerve-wracking pain
             ... invoked by an orc priest
              (13 damage)
             ... on level 3 of the Dungeon.
             The game lasted 00:06:18 (2247 turns).

kingofthe the Firebug (Deep Elf Fire Elementalist)  Turns: 2247, Time: 00:06:19

Health: -1/24      AC:  2    Str:  5    XL:     4   Next: 63%
Magic:  8/12       EV: 13    Int: 22    God:
Gold:   159        SH:  0    Dex: 15    Spells: 8/11 levels left

rFire   . . .      SeeInvis .   h - +2 short sword (freeze)
rCold   . . .      Faith    .   (no shield)
rNeg    . . .      Spirit   .   a - +0 robe
rPois   .          Reflect  .   (no helmet)
rElec   .          Harm     .   (no cloak)
rCorr   .          Rampage  .   (no gloves)
Will    .....                   (no boots)
Stlth   ++........              (no amulet)
HPRegen 0.08/turn               (no ring)
MPRegen 0.13/turn               (no ring)

@: no status effects
A: no striking features
a: no special abilities


You were on level 3 of the Dungeon.
You visited 1 branch of the dungeon, and saw 3 of its levels.

You collected 159 gold pieces.


   Skills:
 * Level 3.2 Dodging
 + Level 3.2 Stealth
 * Level 4.0 Spellcasting
 * Level 2.5 Conjurations
 * Level 4.1 Fire Magic


You had 8 spell levels left.
You knew the following spells:

 Your Spells              Type           Power      Damage    Failure   Level
a - Foxfire               Conj/Fire      76%        2x1d7     2%          1
b - Scorch                Fire           44%        2d7       3%          2

Your spell library contained the following spells:

 Spells                   Type           Power      Damage    Failure   Level
 Conjure Flame            Conj/Fire      19%        6-21      9%          3
 Inner Flame              Hex/Fire       13%        N/A       14%         3
 Sublimation of Blood     Necr           4%         N/A       17%         2
 Flame Wave               Conj/Fire      19%        2d7       28%         4
 Confusing Touch          Hex            4%         N/A       32%         3
 Petrify                  Tmut/Erth      4%         N/A       73%         4
 Irradiate                Conj/Tmut      4%         3d13      88%         5
 Yara's Violent Unravell  Hex/Tmut       2%         3d3       97%         5
 Enfeeble                 Hex            2%         N/A       100%        7

Inventory:

Hand Weapons
 h - a +2 short sword of freezing (weapon)
Armour
 a - a +0 robe (worn)
 o - the +6 chain mail "Ynuirph" {rC+ Str+5 Int+4}
   (You found it on level 2 of the Dungeon)

   Str:       It affects your strength (+5).
   Int:       It affects your intelligence (+4).
   rC:        It protects you from cold.
Magical Staves
 g - a staff of death {!a}
Jewellery
 q - an amulet of faith {!P}
Scrolls
 c - 3 scrolls of fog {unknown}
 f - 2 scrolls of poison {unknown}
 j - 2 scrolls of magic mapping {unknown}
 k - 2 scrolls of amnesia {unknown}
 l - a scroll of acquirement {unknown}
 m - a scroll of immolation {unknown}
 n - a scroll of brand weapon {unknown}
 p - 2 scrolls of teleportation {unknown}
 r - a scroll of enchant armour {unknown}
 t - a scroll of vulnerability {unknown}
Potions
 b - a potion of magic
 d - a potion of berserk rage {unknown}
 e - 2 potions of degeneration {unknown}
 i - a potion of curing {unknown}
 s - a potion of lignification {unknown}

Dungeon Overview and Level Annotations

Branches:
Dungeon (3/15)

Altars:

Annotations:
D:3 THTSBRD's ghost, weakling FeTm

#....#
#†...#
##...#
##.## #.#
#.# #)#
..#####§#
#.oo.))@#
#########


You could see an orc priest and an orc.


Message History

The orc shouts!
The orc priest shouts!
The orc moves out of view.
The orc shouts! x2
The orc priest invokes the aid of Beogh against you.
Beogh smites you!
Ouch! That really hurt!
* * * LOW HITPOINT WARNING * * *
Casting: Foxfire (safe; 3% risk of failure)
Confirm with . or Enter, or press ? or * to list all spells.
You conjure some foxfire!
The foxfire hits the orc.
You kill the orc!
Casting: Foxfire (safe; 2% risk of failure)
Confirm with . or Enter, or press ? or * to list all spells.
You conjure some foxfire!
Casting: Foxfire (safe; 2% risk of failure)
Confirm with . or Enter, or press ? or * to list all spells.
There is not enough space to conjure foxfire!
Casting: Foxfire (safe; 2% risk of failure)
Confirm with . or Enter, or press ? or * to list all spells.
Flames lash the orc.
The orc is heavily wounded.
The orc's fire resistance burns away.
The foxfire hits the orc but does no damage.
The orc is heavily wounded.
The foxfire hits the orc.
The orc is burned terribly!
You kill the orc!
The orc priest calls down the wrath of Beogh upon you.
Pain shoots through your body!
Ouch! That really hurt!
You die...

Skill      XL: |  1  2  3  4 |
---------------+-------------+-----
Conjurations   | 2 |  2.5
Dodging        | 3 |  3.2
Stealth        | 3 |  3.2
Fire Magic     | 4 |  4.1
Spellcasting   | 4 |  4.0

Action                   |  1- 3 |  4- 6 || total
-------------------------+-------+-------++-------
Melee: Unarmed           |     3 |       ||     3
       Short sword       |     1 |       ||     1
 Cast: Foxfire           |    85 |    26 ||   111
       Scorch            |     3 |     4 ||     7
Armor: Robe              |     3 |       ||     3
Dodge: Dodged            |     6 |     3 ||     9

Levels and vault maps discovered:
D:1:      eino_arrival_tree_alley, layout_basic, shapermc_ecumenical_altar_gd
D:2:      kennysheep_six_static_rooms, layout_basic
D:3:      layout_loops_ring, mainiacjoe_overflow_six_doors_small,
          gammafunk_ghost_gnarly_gnolls

Notes
Turn   | Place    | Note
-------+----------+-------------------------------------------
     0 | D:1      | kingofthe the Deep Elf Fire Elementalist began the quest
                  | for the Orb.
     0 | D:1      | Reached XP level 1. HP: 10/10 MP: 6/6
    84 | D:1      | Reached XP level 2. HP: 15/15 MP: 0/8
   185 | D:1      | Found a faded altar of an unknown god.
   280 | D:1      | Learned a level 2 spell: Scorch
   651 | D:1      | Reached XP level 3. HP: 19/19 MP: 5/9
  1080 | D:2      | Reached skill level 2 in Conjurations
  1435 | D:2      | Reached skill level 3 in Dodging
  1435 | D:2      | Reached skill level 3 in Stealth
  1641 | D:2      | Reached skill level 4 in Fire Magic
  1641 | D:2      | Reached XP level 4. HP: 24/24 MP: 3/11
  1843 | D:2      | Identified the +6 chain mail "Ynuirph" {rC+ Str+5 Int+4}
  2166 | D:3      | Noticed THTSBRD's ghost (weakling FeTm)
  2184 | D:3      | Reached skill level 4 in Spellcasting
  2247 | D:3      | Killed from afar by an orc priest

Vanquished Creatures
  An adder (D:3)
  3 gnolls (D:2)
  2 worms (D:2)
  2 dart slugs
  4 orcs
  4 endoplasms
  3 giant cockroaches
  6 goblins
  5 hobgoblins
  3 jackals (D:1)
  A quokka (D:2)
  6 ball pythons
  5 bats
  7 frilled lizards
  5 kobolds
  3 rats
60 creatures vanquished.

Vanquished Creatures (collateral kills)
  3 foxfires (D:1)
3 creatures vanquished.

Vanquished Creatures (others)
  6 demonic plants (D:1)
  193 foxfires
  4 fungi (D:1)
  2 plants (D:1)
  3 withered plants (D:1)
208 creatures vanquished.

Grand Total: 271 creatures vanquished

Table legend: (Time is in decaauts)
 A = Elapsed time spent in this place.
 B = Non-inter-level travel time spent in this place.
 C = Inter-level travel time spent in this place.
 D = Time resting spent in this place.
 E = Time spent auto-exploring this place.
 F = Levels seen in this place.
 G = Mean time per level.
                   A        B        C        D        E       F      G
               +--------+--------+--------+--------+--------+-----+--------+
         Total |   2248 |   2224 |     24 |     80 |   1820 |   3 |  749.3 |
       Dungeon |   2248 |   2224 |     24 |     80 |   1820 |   3 |  749.3 |
               +--------+--------+--------+--------+--------+-----+--------+

Top non-repeatable levels by time:
     D:2: 993 daAuts
     D:1: 973 daAuts
     D:3: 281 daAuts

Table legend:
 A = Non-vault XP
 B = Vault XP
 C = Vault XP percentage of total XP
 D = Non-vault monster count
 E = Vault monster count
 F = Vault count percentage of total count
                 A         B        C        D         E       F
            +---------+---------+-------+---------+---------+-------
      Total |     151 |      12 |   7.4 |      54 |       6 |  10.0
            +---------+---------+-------+---------+---------+-------
        D:1 |      51 |       0 |   0.0 |      31 |       0 |   0.0
        D:2 |      68 |      12 |  15.0 |      14 |       6 |  30.0
        D:3 |      32 |       0 |   0.0 |       9 |       0 |   0.0
            +---------+---------+-------+---------+---------+-------
